AoeStats
← Pungus

African Clearing

505757726Analyzed
2v2 RM · 23d ago on Sep 10, 2026· 58m 26s· 4 players
Game mode
Random Map
Map size
Medium (4 player)
Population
200
Speed
Normal
Resources
Standard
Victory
Conquest
Starting age
Dark Age
Ending age
Imperial Age
RankedLock teamsTeams togetherTeam positionsShared explorationLock speedFull tech treeHidden civsTurbo modeCheats
Victory
Defeat
🇹🇷 Malians · Türkiye
1251
+12
🇹🇷 Huns · Türkiye
1114
+18
🇺🇸 Japanese · United States
1156
-15
🇺🇸 Bulgarians · United States
1152
-15
Dr. Pruto
6:25 Loom
13:32 Feudal Age
14:28 Double-Bit Axe
17:15 Forging
18:45 Scale Barding Armor
21:47 Wheelbarrow
21:55 Horse Collar
26:37 Castle Age
30:54 Iron Casting
30:24 Husbandry
32:49 Heavy Plow
38:03 Chain Barding Armor
37:34 Fletching
38:25 Hand Cart
44:30 Imperial Age
42:13 Bow Saw
41:58 Elite Skirmisher
47:13 Blast Furnace
46:49 Plate Barding Armor
46:09 Bodkin Arrow
49:19 Stirrups
53:05 Gold Mining
53:26 Elite Konnik
56:04 Pikeman
Pungus
5:07 Loom
15:38 Feudal Age
17:48 Wheelbarrow
20:02 Castle Age
20:39 Forging
20:30 Scale Mail Armor
21:21 Gold Mining
24:35 Horse Collar
40:33 Iron Casting
40:14 Chain Mail Armor
42:26 Stone Mining
42:24 Double-Bit Axe
42:40 Heavy Plow
46:40 Hand Cart
52:10 Imperial Age
54:34 Conscription
55:16 Blast Furnace
54:46 Plate Mail Armor
Gkzaim
7:50 Loom
15:20 Feudal Age
17:46 Double-Bit Axe
20:38 Castle Age
20:51 Scale Mail Armor
21:13 Pikeman
22:22 Bow Saw
22:54 Forging
22:54 Horse Collar
27:24 Squires
31:20 Husbandry
31:31 Bloodlines
31:33 Scale Barding Armor
32:37 Stone Mining
32:41 Gold Mining
36:17 Iron Casting
38:04 Chain Barding Armor
38:26 Wheelbarrow
43:12 Chain Mail Armor
51:20 Imperial Age
51:58 Elite Tarkan
53:00 Conscription
53:48 Blast Furnace
53:24 Plate Barding Armor
seher9203
4:49 Loom
14:20 Feudal Age
19:34 Castle Age
18:30 Double-Bit Axe
20:08 Forging
23:13 Horse Collar
34:14 Scale Mail Armor
38:28 Imperial Age
38:18 Iron Casting
37:59 Chain Mail Armor
38:40 Scale Barding Armor
39:42 Wheelbarrow
38:52 Elite Gbeto
39:49 Heavy Camel Rider
41:42 Conscription
42:08 Chain Barding Armor
43:33 Husbandry
43:43 Bloodlines
44:18 Plate Barding Armor
44:13 Plate Mail Armor
44:32 Farimba
45:04 Arson
45:19 Squires
47:57 Fletching
48:54 Light Cavalry
56:43 Hand Cart
Connection lost

Rejoining the realm…

Still unreachable

The connection could not be restored.

Session expired

The server has moved on; the page needs a fresh start.